 Dungeon Crawl Stone Soup version 0.14-a0-1837-g7fb8695 (webtiles) character file.

669 Mitsuki the Ruinous (level 6, -2/46 HPs)
             Began as a Draconian Conjurer on Jan 10, 2014.
             Slain by an orc wizard
             ... wielding a -1,+1 orcish hand axe
              (7 damage)
             ... on Level 4 of the Dungeon.
             The game lasted 00:20:56 (5330 turns).

Mitsuki the Ruinous (Draconian Conjurer)            Turns: 5330, Time: 00:20:56

HP  -2/46        AC  6     Str 10      XL: 6   Next: 87%
MP  11/15        EV 12     Int 18      God:
Gold 187         SH  0     Dex 11      Spells:  2 memorised,  8 levels left

rFire  . . .     SeeInvis .     r - staff of air
rCold  . . .     Clarity  .     (armour unavailable)
rNeg   . . .     Conserve .     (no shield)
rPois  .         rCorr    .     (helmet restricted)
rElec  +         rRot     .     (no cloak)
SustAb . .       Spirit   .     (no gloves)
rMut   .         Warding  .     (no boots)
Saprov . . .     Stasis   .     (no amulet)
                                (no ring)
                                (no ring)

@: slightly resistant to hostile enchantments, unstealthy
A: unfitting armour, AC +6
a: no special abilities


You were on level 4 of the Dungeon.
You were hungry.

You visited 1 branch of the dungeon, and saw 5 of its levels.

You collected 187 gold pieces.

Inventory:

Comestibles
 b - a bread ration
Scrolls
 a - 2 scrolls of enchant weapon II {unknown}
 d - a scroll of enchant weapon I {unknown}
 f - 2 scrolls of random uselessness {unknown}
 g - 3 scrolls of fog {unknown}
 h - a scroll of noise {unknown}
 i - 3 scrolls of amnesia {unknown}
 j - a scroll of identify {unknown}
 k - 2 scrolls of enchant armour {unknown}
 l - 2 scrolls of remove curse {unknown}
 m - 2 scrolls of magic mapping {unknown}
 p - a scroll of recharging {unknown}
 t - 3 scrolls of teleportation {unknown}
Jewellery
 o - an uncursed amulet of stasis {unknown}
Potions
 n - a potion of restore abilities
 v - 2 potions of curing
Books
 c - a book of Conjurations

   Spells                             Type                      Level
   *Magic Dart                        Conjuration                  1
   Searing Ray                        Conjuration                  2
   Dazzling Spray                     Conjuration/Hexes            3
   Iskenderun's Mystic Blast          Conjuration                  4
   *Iskenderun's Battlesphere         Conjuration/Charms           4
   Fulminant Prism                    Conjuration/Hexes            5
 q - a book of Wizardry

   Spells                             Type                      Level
   Summon Elemental                   Summoning                    4
   Agony                              Necromancy                   5
   Force Lance                        Conjuration                  5
   Fireball                           Conjuration/Fire             5
   Haste                              Charms                       6
   Invisibility                       Hexes                        6
Magical staves
 r - an uncursed staff of air (weapon)


   Skills:
 - Level 0.4 Fighting
 - Level 1.7 Dodging
 - Level 1.7 Stealth
 + Level 4.0 Spellcasting
 + Level 7.1 Conjurations
 + Level 0.8 Charms


You had 8 spell levels left.
You knew the following spells:

 Your Spells              Type           Power        Failure   Level  Hunger
a - Magic Dart            Conj           ####         1%          1    None
b - Iskenderun's Battles  Conj/Chrm      ###.....     28%         4    ####...


Dungeon Overview and Level Annotations

Branches:
Dungeon (5/16)
 Temple: D:4-7

Altars:

Annotations:
D:3 Purgy
D:5 Sigmund


Message History

You hear some strange, mumbled words.
The magic dart hits you!
You closely miss something.
You hear some strange, mumbled words.
The puff of flame hits you!
One of your 3 scrolls labeled RILERCHUOTSU catches fire!
* * * LOW HITPOINT WARNING * * *
You miss something. You tail-slap something. Something hits you.
* * * LOW HITPOINT WARNING * * *
You're too confused to cast spells.
Sorry, you're not good enough to have a special ability.
You're too confused to cast spells.
You feel less confused. Something hits you.
* * * LOW HITPOINT WARNING * * *
You hear some strange, mumbled words.
The magic dart hits you!
* * * LOW HITPOINT WARNING * * *
You hit something but do no damage. Something hits you!
You die...

.................################
.................................
..##############.................
..# #.################ ..# #.#
..##############.#
.................################
.................................
#####...........@))......########
#..###############...# #..# #{..#
#..# #o..# #..# ###...########
#####..# #...g......... ..<....#
#............. .......#
####.......... ########
#..########


There were no monsters in sight!

Vanquished Creatures
  A phantom (D:4)
  A hound (D:4)
  2 orc priests (D:4)
  A centaur skeleton (D:4)
  An orc wizard (D:4)
  2 worker ants (D:4)
  8 adders
  2 giant mites
  2 worms (D:3)
  An ooze (D:2)
  9 orcs
  A ball python (D:3)
  4 giant cockroaches
  12 goblins
  8 hobgoblins
  13 jackals
  11 kobolds
  3 quokkas
  4 bats
  6 giant newts
  An orc zombie (D:5)
  8 rats
101 creatures vanquished.

Notes
Turn   | Place    | Note
--------------------------------------------------------------
     0 | D:1      | Mitsuki, the Draconian Conjurer, began the quest for the Orb.
     0 | D:1      | Reached XP level 1. HP: 14/14 MP: 3/3
   347 | D:1      | Reached XP level 2. HP: 20/20 MP: 0/4
   938 | D:1      | Reached XP level 3. HP: 12/27 MP: 3/6
   944 | D:1      | Reached skill level 5 in Conjurations
  1970 | D:2      | Reached XP level 4. HP: 34/34 MP: 5/7
  1976 | D:2      | Learned a level 4 spell: Iskenderun's Battlesphere
  2571 | D:3      | Noticed Purgy
  3080 | D:3      | Reached skill level 6 in Conjurations
  3452 | D:3      | Reached XP level 5. HP: 39/39 MP: 7/9
  3511 | D:4      | Noticed a phantom
  3539 | D:4      | Killed a phantom
  3911 | D:4      | Reached XP level 6. HP: 46/46 MP: 1/13
  4776 | D:4      | Reached skill level 7 in Conjurations
  5201 | D:5      | Entered Level 5 of the Dungeon
  5266 | D:5      | Noticed Sigmund
  5330 | D:4      | Slain by an orc wizard

Action                   |  1- 3 |  4- 6 || total
-------------------------+-------+-------++-------
Melee: Unarmed           |     9 |    13 ||    22
       Staff             |       |    28 ||    28
 Cast: Magic Dart        |    84 |   139 ||   223
       Iskenderun's Batt |       |    11 ||    11
  Use: Potion            |     4 |     6 ||    10
